 Dungeon Crawl Stone Soup version 0.31-a0-187-gba352fbbf7 (webtiles) character file.

Game seed: 5583702712263486783

71049 2FriedEggs the Apostle (level 15, 137/137 HPs)
             Began as a Hill Orc Fighter on June 21, 2023.
             Was a High Priest of Beogh.
             Quit the game on level 15 of the Dungeon on June 22, 2023.
             The game lasted 01:15:05 (20301 turns).

2FriedEggs the Apostle (Hill Orc Fighter)          Turns: 20301, Time: 01:15:05

Health: 137/137    AC: 32    Str: 27      XL:     15   Next: 35%
Magic:  29/29      EV: 13    Int:  5 (8)  God:    Beogh [*****.]
Gold:   1843       SH: 11    Dex:  6      Spells: 14/14 levels left

rFire   . . .        o - +2 war axe (heavy)
rCold   + . .        v - +1 kite shield {rPois}
rNeg    . . .        E - +18 Lear's hauberk
rPois   +            (helmet currently unavailable)
rElec   +            a - +0 cloak
rCorr   .            (gloves currently unavailable)
SInv    .            (boots currently unavailable)
Will    +....        c - amulet of faith Stlth
                     D - +5 ring of evasion
HPRegen 0.42/turn    U - ring of Pyromania {rElec rC+ Dex-4 Slay+3}
MPRegen 0.21/turn

%: faith
@: no status effects
A: walk on water
a: Renounce Religion, Smiting, Recall Orcish Followers, Give Item to Named
Follower


You were on level 15 of the Dungeon.
You worshipped Beogh.
Beogh was extremely pleased with you.
You visited 2 branches of the dungeon, and saw 20 of its levels.
You also visited: Ice Cave.

You collected 2175 gold pieces.
You spent 332 gold pieces at shops.

Inventory:

Hand Weapons
 e - the +1 war axe of the Sky {vamp, rC+ Dex+3}
   (You found it on level 7 of the Dungeon)

   Dex:       It affects your dexterity (+3).
   rC:        It protects you from cold.
 o - a +2 heavy war axe (weapon)
Missiles
 q - a throwing net
 r - 6 silver javelins
Armour
 a - a +0 cloak (worn)
 m - a +0 pair of boots
 t - a +0 helmet
 v - a +1 kite shield of poison resistance (worn)
 y - the +3 scale mail of Liohoekk {rPois Str+3}
   (You found it on level 6 of the Dungeon)

   Str:       It affects your strength (+3).
   rPois:     It protects you from poison.
 E - the +18 Lear's hauberk (worn)
   (You acquired it on level 9 of the Dungeon)
Jewellery
 c - an amulet of faith (around neck)
 C - a +5 ring of evasion
 D - a +5 ring of evasion (left hand)
 G - a ring of protection from fire
 H - a +6 ring of dexterity
 I - an amulet of regeneration
 J - an amulet of magic regeneration
 Q - a +6 ring of intelligence
 T - a ring of wizardry
 U - the ring of Pyromania (right hand) {rElec rC+ Dex-4 Slay+3}
   (You found it in an ice cave)

   [ring of protection from cold]

   Dex:       It affects your dexterity (-4).
   Slay:      It affects your accuracy & damage with ranged weapons and melee
   (+3).
   rC:        It protects you from cold.
   rElec:     It insulates you from electricity.
 V - a ring of protection from fire
 X - a ring of protection from cold
 Y - a ring of flight
 Z - the amulet "Visefi" {Reflect rF- rCorr Int+2 SH+5}
   (You found it in an ice cave)

   [amulet of reflection]

   It reflects blocked missile attacks.
   Int:       It affects your intelligence (+2).
   rF:        It makes you vulnerable to fire.
   rCorr:     It protects you from acid and corrosion.
   SH:        It affects your SH (+5).
Wands
 A - a wand of flame (38)
 B - a wand of iceblast (8)
 F - a wand of mindburst (15)
 K - a wand of acid (22)
 L - a wand of digging (5)
 M - a wand of polymorph (7)
 W - a wand of charming (7)
Scrolls
 f - 7 scrolls of teleportation
 i - 4 scrolls of amnesia
 k - 2 scrolls of enchant weapon
 l - 5 scrolls of vulnerability
 p - 5 scrolls of poison
 u - a scroll of brand weapon
 w - 5 scrolls of blinking
 z - 2 scrolls of fear
 O - a scroll of immolation
 S - 2 scrolls of silence
Potions
 b - 4 potions of curing
 d - 2 potions of might
 g - 3 potions of lignification
 h - 3 potions of heal wounds
 j - a potion of berserk rage
 n - 5 potions of haste
 s - 3 potions of brilliance
 x - a potion of enlightenment
 N - a potion of ambrosia
 P - 2 potions of cancellation {unknown}
 R - a potion of degeneration {unknown}


   Skills:
 + Level 13.7 Fighting
 - Level 16.0 Axes
 + Level 12.6 Armour
 - Level 10.8 Shields
 * Level 20.0 Invocations


You had 14 spell levels left.
You didn't know any spells.
Your spell library contained the following spells:

 Spells                   Type           Power      Damage    Failure   Level
 Summon Small Mammal      Summ           0%         N/A       96%         1
 Blink                    Tloc           0%         N/A       99%         2
 Ensorcelled Hibernation  Hex/Ice        0%         N/A       99%         2
 Sublimation of Blood     Necr           0%         N/A       99%         2
 Wereblood                Tmut           0%         N/A       99%         2
 Call Canine Familiar     Summ           0%         N/A       100%        3
 Dazzling Flash           Conj/Hex       0%         N/A       100%        3
 Frozen Ramparts          Ice            0%         1d1       100%        3
 Inner Flame              Hex/Fire       0%         N/A       100%        3
 Ozocubu's Armour         Ice            0%         N/A       100%        3
 Portal Projectile        Hex/Tloc       0%         N/A       100%        3
 Summon Guardian Golem    Hex/Summ       0%         N/A       100%        3
 Tukima's Dance           Hex            0%         N/A       100%        3
 Volatile Blastmotes      Fire/Tloc      0%         2d10      100%        3
 Cause Fear               Hex            0%         N/A       100%        4
 Ice Form                 Ice/Tmut       0%         N/A       100%        4
 Iskenderun's Mystic Bla  Conj/Tloc      0%         2d3       100%        4
 Leda's Liquefaction      Hex/Erth       0%         N/A       100%        4
 Manifold Assault         Tloc           0%         N/A       100%        4
 Summon Ice Beast         Ice/Summ       0%         N/A       100%        4
 Agony                    Necr           0%         N/A       100%        5
 Blade Hands              Tmut           0%         N/A       100%        5
 Silence                  Hex/Air        0%         N/A       100%        5
 Summon Forest            Summ/Tloc      0%         N/A       100%        5
 Summon Mana Viper        Hex/Summ       0%         N/A       100%        5
 Yara's Violent Unravell  Hex/Tmut       0%         3d3       100%        5
 Starburst                Conj/Fire      0%         6d3       100%        6
 Summon Cactus Giant      Summ           0%         N/A       100%        6
 Enfeeble                 Hex            0%         N/A       100%        7
 Storm Form               Tmut/Air       0%         N/A       100%        7
 Summon Hydra             Summ           0%         N/A       100%        7
 Chain Lightning          Conj/Air       0%         N/A       100%        9
 Fire Storm               Conj/Fire      0%         5d1       100%        9
 Shatter                  Erth           0%         3d5*      100%        9


Dungeon Overview and Level Annotations

Branches:
Dungeon (15/15)            Temple (0/1) D:5            Lair (5/5) D:10
 Shoals (0/4) Lair:2        Snake (0/4) Lair:3        Slime (0/5) Lair:4
    Orc (0/2) D:11         Vaults (0/5) D:13          IceCv (visited)
 Depths: D:15

Altars:
Ashenzari
Dithmenos
Hepliaklqana
Kikubaaqudgha
Nemelex Xobeh
Ru
Uskayaw
The Shining One
Jiyva

Shops:
D:4 **   D:8 :   D:9 =

Annotations:
D:7 1 runed translucent door, Crazy Yiuf
D:12 2 transporters
Lair:5 exclusion: obsidian statue


Message History

The arrow hits the boulder beetle but does no damage.
Unknown command.
The boulder beetle closely misses Bogwald.
The boulder beetle stops rolling and uncurls.
Bogwald unwields a +1 orcbow.
Bogwald wields a +0 war axe.
Bogwald hits the boulder beetle with a +0 war axe!
The boulder beetle leaps!
Unknown command.
Unknown command.
Bogwald unwields a +0 war axe.
Bogwald wields a +1 orcbow.
Bogwald shoots an arrow.
The arrow hits the boulder beetle!
Unknown command.
The boulder beetle leaps!
Bogwald shoots an arrow.
The arrow hits the boulder beetle!
The boulder beetle dies!
Beogh accepts your kill.
No target in view!
Unknown command.
No target in view!
No target in view!
Unknown command.
No target in view!
Unknown command.
No target in view!
HP restored.
Found a robe.
Your pack is full.
You see here a +4 ring of protection.
Your pack is full.
You see here a +4 ring of protection.
Could not pick up a +4 ring of protection here; ([A]lways) ignore it? [Y]es, [N]o, or [A]lways only, please.
Could not pick up a +4 ring of protection here; ([A]lways) ignore it? [Y]es, [N]o, or [A]lways only, please.
Could not pick up a +4 ring of protection here; ([A]lways) ignore it?
Okay, then.
Welcome back, 2FriedEggs the Hill Orc Fighter.
Beogh says: Drown the unbelievers in a sea of blood!
Press ? for a list of commands and other information.
Are you sure you want to abandon this character and quit the game? (Confirm with "yes".)

#.#####....#.....#
#.# #....#.....+
#.#####....#.....#
#......[.........#
#......## #......#
#...##.# #..o##.+
#..@...# #......#
#...!..# #......#
#......# #.###..#
#. ..# #. ...


You could see the friendly Bogwald the orc knight.

Vanquished Creatures
  A tengu reaver (D:13)
  An azure jelly (IceCv)
  2 quicksilver oozes (IceCv)
  3 dire elephants (Lair:5)
  2 hydras (Lair:5)
  An ogre mage (D:11)
  A catoblepas (Lair:5)
  A centaur warrior (D:14)
  7 two-headed ogres
  A tengu warrior (D:14)
  3 death yaks
  A soul eater (D:15)
  Sonja (Lair:1)
  4 skeletal warriors (D:13)
  A spectral anaconda (Lair:5)
  A sixfirhy (D:15)
  A wizard (D:13)
  8 ugly things (D:14)
  3 necromancers
  3 cyclopes (D:11)
  A manticore (D:15)
  9 elephants
  2 ice statues (IceCv)
  A merfolk siren (Lair:2)
  3 black mambas
  A torpor snail (Lair:4)
  9 cane toads
  An unseen horror (D:11)
  3 komodo dragons
  3 efreet
  A meliai (shapeshifter) (D:14)
  A harpy zombie (D:14)
  8 hornets
  A merfolk (Lair:2)
  Prince Ribbit (D:7)
  A troll (D:12)
  A hellwing (D:15)
  A wolf spider simulacrum (D:14)
  6 dream sheep
  13 blink frogs
  7 slime creatures
  A shadow (D:9)
  A vampire (D:13)
  2 wyverns
  3 wraiths
  33 yaks
  A ynoxinul (D:15)
  A neqoxec (D:15)
  2 steam dragons
  Grum (D:10)
  2 vampire mosquitoes (D:14)
  A chaos spawn (D:15)
  Menkaure (D:7)
  11 water moccasins
  An acid dragon (D:9)
  2 floating eyes (D:11)
  4 orc warriors
  An elephant zombie (Lair:5)
  5 ice beasts
  5 black bears
  2 great orb of eyes simulacra (IceCv)
  3 wolves
  4 boggarts (D:14)
  9 centaurs
  An elephant skeleton (Lair:5)
  A phantom (D:6)
  2 kobold brigands
  9 bullfrogs
  A glowing shapeshifter simulacrum (IceCv)
  A scorpion (D:4)
  2 cane toad simulacra (Lair:5)
  8 killer bees
  3 electric eels
  A howler monkey (D:9)
  2 lava snakes
  3 hounds
  3 jellies
  3 orc priests
  2 iguanas
  Jessica (D:2)
  Natasha (D:1)
  7 orc wizards
  2 shapeshifter simulacra (IceCv)
  A boggart skeleton (D:14)
  Robin (D:3)
  7 gnolls
  10 adders
  2 white imps
  A worm (D:5)
  2 dart slugs
  27 orcs
  6 bats
  8 endoplasms
  2 giant cockroaches (D:1)
  10 goblins
  12 hobgoblins
  7 jackals
  9 quokkas
  3 ball pythons
  3 frilled lizards
  18 kobolds
  8 rats
406 creatures vanquished.

Vanquished Creatures (collateral kills)
  An azure jelly (IceCv)
  2 quicksilver oozes (IceCv)
  A hydra (D:14)
  4 boulder beetles
  A death yak (Lair:3)
  A two-headed ogre (D:12)
  A necromancer (Lair:5)
  3 ugly things (D:14)
  A cyclops (D:12)
  A salamander (Lair:3)
  A manticore (D:13)
  10 elephants
  A merfolk siren (Lair:2)
  A black mamba (Lair:1)
  A dire elephant zombie (Lair:5)
  A torpor snail (Lair:1)
  5 cane toads
  A dire elephant skeleton (Lair:5)
  A centaur skeleton (D:14)
  A komodo dragon (Lair:3)
  3 tengu conjurers
  2 trolls (D:11)
  A merfolk (Lair:2)
  A harpy skeleton (D:14)
  A polar bear (Lair:4)
  6 blink frogs
  6 dream sheep
  7 slime creatures
  A human (shapeshifter) (D:13)
  8 yaks
  2 basilisks
  A neqoxec (D:15)
  A vampire mosquito (D:14)
  An acid dragon (D:12)
  A death yak simulacrum (Lair:5)
  7 water moccasins
  A black bear (Lair:3)
  A great orb of eyes simulacrum (IceCv)
  A boggart (D:14)
  2 wolves (Lair:1)
  3 centaurs
  An elephant skeleton (Lair:5)
  A slime creature simulacrum (IceCv)
  4 bullfrogs
  An elephant simulacrum (Lair:5)
  A lava snake (Lair:3)
  A jelly (Lair:4)
  An orc priest (D:11)
  3 shapeshifter simulacra (IceCv)
  6 orcs
115 creatures vanquished.

Vanquished Creatures (others)
  2 orc sorcerers (D:14)
  3 orc warriors
  A yak (Lair:3)
  4 killer bees (D:8)
  3 orc priests
  2 orc wizards
  11 orcs
26 creatures vanquished.

Grand Total: 547 creatures vanquished

Notes
Turn   | Place    | Note
-------+----------+-------------------------------------------
     0 | D:1      | 2FriedEggs the Hill Orc Fighter began the quest for the
                  | Orb.
     0 | D:1      | Reached XP level 1. HP: 19/19 MP: 1/1
    32 | D:1      | Reached XP level 2. HP: 21/27 MP: 2/2
   255 | D:1      | Reached XP level 3. HP: 30/33 MP: 3/3
   446 | D:2      | Noticed Natasha
   462 | D:1      | Killed Natasha
   621 | D:2      | Reached XP level 4. HP: 40/40 MP: 4/4
   903 | D:2      | Reached XP level 5. HP: 26/47 MP: 5/5
  1057 | D:2      | Noticed Jessica
  1063 | D:2      | Killed Jessica
  1337 | D:3      | Noticed Robin
  1348 | D:3      | Reached skill level 5 in Axes
  1352 | D:3      | Killed Robin
  1531 | D:3      | Found a sacrificial altar of Ru.
  1532 | D:3      | Found a sparkling altar of Nemelex Xobeh.
  1660 | D:3      | Found Kaxtewko's Jewellery Shoppe.
  2005 | D:4      | Found Tiukkear's Serpentskin Sales.
  2050 | D:4      | Reached XP level 6. HP: 55/55 MP: 6/6
  2107 | D:4      | Became a worshipper of Beogh the Brigand
  2140 | D:4      | Found a glowing golden altar of the Shining One.
  2142 | D:4      | Noticed a black bear
  2147 | D:4      | Killed a black bear
  2148 | D:4      | Reached skill level 5 in Fighting
  2314 | D:4      | Found Gofaada's Assorted Antiques.
  2578 | D:4      | Reached XP level 7. HP: 55/61 MP: 7/7
  2995 | D:4      | Reached skill level 5 in Armour
  3134 | D:5      | Entered Level 5 of the Dungeon
  3144 | D:5      | Reached * piety under Beogh
  3161 | D:5      | Reached skill level 5 in Shields
  3435 | D:5      | Noticed a yak
  3459 | D:5      | Killed a yak
  3460 | D:5      | Reached XP level 8. HP: 64/70 MP: 8/8
  3517 | D:5      | Noticed a yak
  3517 | D:5      | Noticed a yak
  3550 | D:5      | Killed a yak
  3554 | D:5      | Killed a yak
  3944 | D:5      | Found a staircase to the Ecumenical Temple.
  4374 | D:6      | Identified the +3 scale mail of Liohoekk {rPois Str+3}
  4487 | D:6      | Reached XP level 9. HP: 78/79 MP: 9/9
  4542 | D:7      | Reached ** piety under Beogh
  4551 | D:7      | Reached skill level 1 in Invocations
  4620 | D:7      | Reached skill level 2 in Invocations
  4689 | D:7      | Noticed Menkaure
  4694 | D:7      | Killed Menkaure
  4695 | D:7      | Reached skill level 10 in Axes
  4853 | D:7      | Identified the +1 war axe of the Sky {vamp, rC+ Dex+3}
  4901 | D:7      | Reached skill level 3 in Invocations
  5039 | D:7      | Noticed Prince Ribbit
  5049 | D:7      | Reached skill level 4 in Invocations
  5073 | D:7      | Killed Prince Ribbit
  5288 | D:7      | Reached skill level 5 in Invocations
  5372 | D:7      | Found a runed translucent door.
  5373 | D:7      | Noticed Crazy Yiuf
  5458 | D:8      | Noticed a two-headed ogre
  5467 | D:8      | Killed a two-headed ogre
  5468 | D:8      | Reached skill level 6 in Invocations
  5468 | D:8      | Reached XP level 10. HP: 51/88 MP: 7/14
  5627 | D:8      | Found Moado's Book Shoppe.
  5849 | D:8      | Found an ancient bone altar of Kikubaaqudgha.
  6124 | D:8      | Reached skill level 7 in Invocations
  6200 | D:8      | Found a glowing golden altar of the Shining One.
  6620 | D:8      | Found a broken altar of Ashenzari.
  6973 | D:9      | Noticed a two-headed ogre
  6979 | D:9      | Killed a two-headed ogre
  7266 | D:9      | Reached skill level 8 in Invocations
  7787 | D:9      | Found Hausessiax's Jewellery Shoppe.
  7788 | D:9      | Noticed a two-headed ogre
  7793 | D:9      | Killed a two-headed ogre
  7794 | D:9      | Found a hide-covered altar of Uskayaw.
  7825 | D:9      | Identified a scroll of acquirement
  7825 | D:9      | Acquired the +18 Lear's hauberk
  7825 | D:9      | Found the +18 Lear's hauberk
  8032 | D:9      | Noticed a two-headed ogre
  8042 | D:9      | Killed a two-headed ogre
  8043 | D:9      | Reached skill level 9 in Invocations
  8043 | D:9      | Reached XP level 11. HP: 89/97 MP: 16/18
  8365 | D:10     | Entered Level 10 of the Dungeon
  8431 | D:10     | Noticed Grum
  8443 | D:10     | Killed Grum
  8450 | D:10     | Reached *** piety under Beogh
  8451 | D:10     | Reached skill level 10 in Invocations
  8847 | D:10     | Found a staircase to the Lair.
  8872 | D:10     | Noticed a two-headed ogre
  8886 | D:10     | Killed a two-headed ogre
  9417 | D:11     | Noticed a cyclops
  9424 | D:11     | Killed a cyclops
  9544 | D:11     | Reached skill level 11 in Invocations
  9668 | D:11     | Found a staircase to the Orcish Mines.
  9825 | D:11     | Gained Ugbert as an ally
  9974 | D:11     | Noticed a cyclops
  9981 | D:11     | Killed a cyclops
  9981 | D:11     | Reached **** piety under Beogh
  9982 | D:11     | Reached skill level 15 in Axes
 10015 | D:11     | Paralysed by a floating eye for 2 turns
 10022 | D:11     | Reached skill level 12 in Invocations
 10030 | D:11     | Noticed an ogre mage
 10048 | D:11     | Paralysed by something for 5 turns
 10057 | D:11     | Killed an ogre mage
 10058 | D:11     | Reached XP level 12. HP: 64/104 MP: 21/21
 10419 | D:12     | Reached skill level 13 in Invocations
 10533 | Lair:1   | Entered Level 1 of the Lair of Beasts
 10629 | Lair:1   | Reached skill level 14 in Invocations
 10908 | Lair:1   | Noticed Sonja
 10912 | Lair:1   | Killed Sonja
 10917 | Lair:1   | Reached skill level 10 in Fighting
 11603 | Lair:2   | Reached skill level 15 in Invocations
 11609 | Lair:2   | Reached ***** piety under Beogh
 11610 | Lair:2   | Reached XP level 13. HP: 109/114 MP: 24/24
 11628 | Lair:2   | Found a staircase to the Shoals.
 11906 | Lair:2   | Found a shadowy altar of Dithmenos.
 12092 | Lair:3   | Gained Orkrul as an ally
 12436 | D:4      | Bought a glowing glaive for 332 gold pieces
 12736 | Lair:3   | Reached skill level 10 in Armour
 12858 | Lair:3   | Found a staircase to the Snake Pit.
 13346 | Lair:3   | Reached skill level 16 in Invocations
 13512 | Lair:4   | Found a viscous altar of Jiyva.
 13512 | Lair:4   | Found a staircase to the Slime Pits.
 13515 | Lair:4   | Acquired 1017 gold pieces
 13662 | Lair:4   | You fall into a shaft and drop 1 floor!
 13662 | Lair:5   | Entered Level 5 of the Lair of Beasts
 13875 | Lair:5   | Noticed a dire elephant
 13875 | Lair:5   | Noticed a dire elephant
 13875 | Lair:5   | Noticed a dire elephant
 13876 | Lair:5   | Noticed a dire elephant
 13996 | Lair:5   | Reached skill level 17 in Invocations
 14219 | Lair:5   | Killed a dire elephant
 14220 | Lair:5   | Reached XP level 14. HP: 96/125 MP: 26/26
 14229 | Lair:5   | Reached ****** piety under Beogh
 14553 | Lair:5   | Found a sacrificial altar of Ru.
 14753 | Lair:5   | Killed a dire elephant
 15244 | Lair:5   | Reached skill level 10 in Shields
 15434 | Lair:5   | Killed a dire elephant
 15435 | Lair:5   | Reached skill level 18 in Invocations
 16078 | D:12     | Found a transporter.
 16139 | D:12     | Found a transporter.
 16707 | D:13     | Found a frozen archway.
 16734 | IceCv    | Entered an ice cave
 16740 | IceCv    | Gained Morguth as an ally
 16866 | IceCv    | Noticed a quicksilver ooze
 16869 | IceCv    | Killed a quicksilver ooze
 16955 | IceCv    | Noticed a quicksilver ooze
 16961 | IceCv    | Killed a quicksilver ooze
 17051 | IceCv    | Noticed a quicksilver ooze
 17052 | IceCv    | Killed a quicksilver ooze
 17120 | IceCv    | Found a viscous altar of Jiyva.
 17120 | IceCv    | Noticed an azure jelly
 17126 | IceCv    | Killed an azure jelly
 17138 | IceCv    | Noticed an azure jelly
 17147 | IceCv    | Killed an azure jelly
 17156 | IceCv    | Got the ring of Pyromania {rElec rC+ Dex-4 Slay+3}
 17161 | IceCv    | Identified the amulet "Visefi" {Reflect rF- rCorr Int+2
                  | SH+5}
 17374 | IceCv    | Noticed a quicksilver ooze
 17379 | IceCv    | Killed a quicksilver ooze
 17724 | D:13     | Gained Bogwald as an ally
 17919 | D:13     | Got the Compilation of the Subzero Maleficium
 18086 | D:13     | Found a gate to the Vaults.
 18183 | D:13     | Reached skill level 19 in Invocations
 18246 | D:13     | Noticed a tengu reaver
 18251 | D:13     | Killed a tengu reaver
 18255 | D:13     | Found the sphere of Battle
 18724 | D:14     | Reached XP level 15. HP: 135/135 MP: 28/28
 19024 | D:14     | Your ally Ugbert died
 19033 | D:14     | Your ally Orkrul died
 19035 | D:14     | Your ally Morguth died
 19400 | D:14     | Your ally Orkrul died
 19544 | D:14     | Found a hazy altar of Hepliaklqana.
 20114 | D:15     | Entered Level 15 of the Dungeon
 20228 | D:15     | Reached skill level 20 in Invocations
 20301 | D:15     | Upgraded the game from 0.31-a0-182-gc5ef74bbde to
                  | 0.31-a0-187-gba352fbbf7
 20301 | D:15     | Quit the game

Illustrated notes

Levels and vault maps discovered:
D:1:      roderic_chinese_lattice_arrival, layout_rooms, st_stairs_9
D:2:      layout_rooms, minmay_close_crescents, uniq_natasha, uniq_jessica
D:3:      layout_basic, gammafunk_temple_overflow_statue, serial_shops,
          shop_statue, amethyst_killhole, minivault_23, uniq_robin
D:4:      wad_woods_stonehenge, layout_loops_corners, serial_shops, shop,
          guppyfry_shop_venom
D:5:      layout_cave_pools, minmay_temple_entry_enclosed_plants,
          serial_bayou_lagoon_a
D:6:      layout_rooms
D:7:      layout_rooms, uniq_prince_ribbit1, uniq_menkaure,
          uniq_crazy_yiuf_cottage
D:8:      layout_layer_cave, mainiacjoe_overflow_small_starburst,
          chequers_temple_overflow_statue_of_worship, serial_rivers,
          chequers_serial_rivers_small_3, chequers_serial_rivers_small_b,
          chequers_serial_rivers_room_b, chequers_serial_rivers_large_b,
          chequers_serial_rivers_room_a, serial_shops, nicolae_shop_waterfront,
          minmay_misc_feat_rugged
D:9:      kennysheep_blocky_hall, layout_long_grid,
          nicolae_overflow_hidden_temple, minivault_11, nicolae_lava_and_water,
          minmay_shop_enchanted_jewellery
D:10:     layout_loops_ring, lair_entry_dummy, chequers_serial_rivers_room_a,
          uniq_grum
D:11:     hellmonk_paralyzer, layout_cross, hiddenorc1_lemuel
D:12:     gammafunk_cloud_chamber, layout_basic, gauntlet_entry_generic,
          nicolae_sextant
D:13:     layout_loops_cross, david_vaults_1, portal_ice_cave_entry_pillars_1,
          hellmonk_guarded_unrand_sphere_of_battle
D:14:     layout_layer_cave, nicolae_hepliaklqana_hazy_memory
D:15:     grunt_enter_depths_snipers, layout_stronghold, serial_demonic,
          serial_demonic_f, serial_demonic_a, serial_demonic_g,
          serial_demonic_g, nrook_mini_vaults, corexii_hall_statues_t
Lair:1:   layout_cellular_growth, grunt_megastairs_3, uniq_sonja
Lair:2:   layout_small_grid, elwin_shoals_entry_stream, basic_altar,
          infiniplex_staircase_pool_2
Lair:3:   layout_regular_city, nicolae_snake_entry_warm_welcome
Lair:4:   layout_loops_ring, nicolae_slime_entry_field_trip
Lair:5:   due_jungle_book, layout_cave_pods, basic_altar,
          nicolae_lair_yak_garden

Skill      XL: |  1  2  3  4  5  6  7  8  9 10 11 12 13 14 15 |
---------------+----------------------------------------------+-----
Axes           | 3 4 5 6 8 9 11 13 15 16 | 16.0
Fighting       | 4 5 6 7 8 9 10 11 13 | 13.7
Armour         | 4 5 6 7 8 9 10 12 | 12.6
Shields        | 4 5 6 7 9 10 | 10.8
Invocations    | 6 9 12 15 17 19 20 | 20.0

Action                     |  1- 3 |  4- 6 |  7- 9 | 10-12 | 13-15 || total
---------------------------+-------+-------+-------+-------+-------++-------
  Melee: War axe           |    46 |   162 |   192 |   313 |   449 ||  1162
 Invoke: Convert to Beogh  |       |     1 |       |       |       ||     1
         Smiting           |       |       |     2 |     3 |     9 ||    14
         Recall Orcish Fol |       |       |       |     2 |     9 ||    11
         Resurrection      |       |       |       |       |     1 ||     1
  Evoke: Wand              |       |       |     1 |    12 |     1 ||    14
    Use: Scroll            |       |       |     7 |     5 |    12 ||    24
         Potion            |       |       |     1 |       |       ||     1
   Stab: Distracted        |       |       |       |     8 |    10 ||    18
         Confused          |       |       |       |     1 |       ||     1
         Paralysed         |       |       |       |     2 |     6 ||     8
         Petrified         |       |       |       |       |     1 ||     1
 Armour: Scale mail        |    31 |   128 |    89 |    63 |       ||   311
         Chain mail        |       |       |       |   110 |   235 ||   345
  Dodge: Dodged            |    17 |   111 |    73 |   220 |   301 ||   722
  Block: Buckler           |    17 |    42 |       |       |       ||    59
         Kite shield       |       |    34 |   120 |   228 |   241 ||   623

Table legend: (Time is in decaauts)
 A = Elapsed time spent in this place.
 B = Non-inter-level travel time spent in this place.
 C = Inter-level travel time spent in this place.
 D = Time resting spent in this place.
 E = Time spent auto-exploring this place.
 F = Levels seen in this place.
 G = Mean time per level.
                   A        B        C        D        E       F      G
               +--------+--------+--------+--------+--------+-----+--------+
         Total |  20783 |  19649 |   1134 |   3347 |  12294 |  21 |  989.7 |
       Dungeon |  14812 |  13987 |    825 |   2162 |   8953 |  15 |  987.5 |
          Lair |   5037 |   4728 |    309 |    589 |   3258 |   5 | 1007.4 |
      Ice Cave |    934 |    934 |      0 |    596 |     83 |   1 |  934.0 |
               +--------+--------+--------+--------+--------+-----+--------+

Top non-repeatable levels by time:
  Lair:5: 1985 daAuts
     D:8: 1630 daAuts
     D:9: 1469 daAuts
    D:14: 1405 daAuts
     D:4: 1393 daAuts
    D:13: 1095 daAuts
    D:10: 1094 daAuts
    D:12: 1088 daAuts
    D:11: 1074 daAuts
  Lair:3: 1019 daAuts
   IceCv: 934 daAuts
     D:7: 917 daAuts
  Lair:1: 893 daAuts
     D:3: 850 daAuts
     D:5: 829 daAuts
